 Dungeon Crawl Stone Soup version 0.29.1-13-g9f3cf754e1 (webtiles) character file.

Game seed: 17300996544117200167

2146 concernfroge the Nimble (level 9, -7/36 HPs)
             Began as a Felid Transmuter on Jan 21, 2023.
             Was a Follower of Sif Muna.
             Mangled by Grum
             ... wielding a -2 spear
              (19 damage)
             ... on level 8 of the Dungeon on Jan 22, 2023.
             The game lasted 00:42:25 (8542 turns).

concernfroge the Nimble (Felid Transmuter)          Turns: 8542, Time: 00:42:26

Health: -7/36      AC:  2    Str: 10    XL:     9   Next: 9%
Magic:  14/17      EV: 28    Int: 14    God:    Sif Muna [*.....]
Gold:   137        SH:  0    Dex: 24    Spells: 8/18 levels left
                                        Lives:  0   Deaths: 2

rFire   . . .      SeeInvis +     - Unarmed
rCold   . . .      Faith    .   (shield unavailable)
rNeg    . . .      Spirit   .   (body armour unavailable)
rPois   x          Reflect  .   (helmet unavailable)
rElec   .          Harm     .   (cloak unavailable)
rCorr   .          Rampage  .   (gloves unavailable)
Will    ++...      Rage     3%  (boots unavailable)
Stlth   +++.......              (no amulet)
HPRegen 0.92/turn               f - +4 ring of slaying
MPRegen 0.15/turn               k - ring of willpower

@: spider-form (expiring), wereblooded, on berserk cooldown, slowed, very slow
A: venomous fangs, tiny, (claws 1), (fangs 3), see invisible, (speed 1), (shaggy
fur 2), (stealthy paws), no weapons or thrown items, no armour, multi-lived,
berserk 1, frail 1, regeneration 1, strong 1
a: End Transformation, Renounce Religion, Channel Magic


You were on level 8 of the Dungeon.
You worshipped Sif Muna.
Sif Muna was aware of your devotion.
You were a venomous arachnid creature.
You visited 2 branches of the dungeon, and saw 9 of its levels.

You collected 259 gold pieces.
You spent 122 gold pieces at shops.

Inventory:

Jewellery
 f - a +4 ring of slaying (left front leg)
 k - a ring of willpower (right front leg)
Wands
 m - a wand of charming (3)
Scrolls
 a - a scroll of vulnerability
 b - a scroll of fog {unknown}
 e - 2 scrolls of amnesia
 g - 7 scrolls of teleportation
 i - a scroll of torment {unknown}
 j - a scroll of immolation
 n - a scroll of noise {unknown}
 o - 4 scrolls of fear {unknown}
 q - a scroll of blinking {unknown}
 t - a scroll of magic mapping {unknown}
Potions
 c - a potion of attraction
 d - 3 potions of heal wounds
 h - 2 potions of brilliance
 l - a potion of haste {unknown}
 p - 2 potions of lignification
 s - a potion of curing


   Skills:
 - Level 5.0 Fighting
 + Level 8.2 Dodging
 - Level 5.0 Stealth
 - Level 5.0 Unarmed Combat
 - Level 5.0 Spellcasting
 + Level 7.4 Transmutations
 + Level 4.3 Ice Magic


You had 8 spell levels left.
You knew the following spells:

 Your Spells              Type           Power      Damage    Failure   Level
a - Beastly Appendage     Tmut           48%        N/A       4%          1
b - Wereblood             Tmut           24%        N/A       6%          2
c - Spider Form           Tmut/Pois      13%        N/A       28%         3
d - Ice Form              Ice/Tmut       20%        N/A       34%         4

Your spell library contained the following spells:

 Spells                   Type           Power      Damage    Failure   Level


Dungeon Overview and Level Annotations

Branches:
Dungeon (8/15)             Temple (1/1) D:5
   Lair: D:8-11

Altars:
Ashenzari
Cheibriados
Dithmenos
Elyvilon
Fedhas
Hepliaklqana
Kikubaaqudgha
Makhleb
Nemelex Xobeh
Okawaru
Qazlal
Ru
Sif Muna
Trog
Uskayaw
Vehumet
Wu Jian
Xom
Yredelemnul
Zin
The Shining One

Shops:
D:2 !   D:3 *   D:4 :

Annotations:
D:8 Grum


Innate Abilities, Weirdness & Mutations

You are a venomous arachnid creature.
You have poisonous fangs.
You are tiny and dextrous.
Your spellcasting is less reliable in this form.
((You have sharp claws.))
((You have razor-sharp teeth.))
You have supernaturally acute eyesight. (SInv)
((You cover ground quickly. (Speed+)))
((You are covered in thick fur. (AC +2)))
((Your paws help you pounce on unaware monsters.))
You are incapable of wielding weapons or throwing items.
You cannot wear armour.
You gain extra lives every three experience levels.
You sometimes lose your temper in combat.
You are frail. (-10% HP)
Your natural rate of healing is unusually fast.
Your muscles are strong. (Str +4, Int/Dex -1)


Message History

You bite the orc warrior!
The orc warrior is poisoned.
The orc warrior is heavily wounded.
You hit the orc warrior.
The orc warrior is heavily wounded.
The orc priest barely misses you. The orc warrior misses you.
You bite the orc warrior!
You feel a bit better.
You kill the orc warrior!
Sif Muna accepts your kill. The orc priest misses you.
You barely miss the orc wizard. You barely miss the orc wizard.
The orc priest misses you. The orc wizard misses you.
You bite the orc wizard!
The orc wizard looks as sick as possible!
The orc wizard is almost dead.
The orc priest completely misses you.
You bite the orc wizard!
You feel a bit better.
You kill the orc wizard!
Sif Muna accepts your kill.
Your transformation is almost over.
You are no longer berserk.
You are exhausted.
You feel yourself slow down.
The orc priest calls down the wrath of Beogh upon you.
Beogh smites you! Grum closely misses you.
Items here: ))) [[[ ††.
You hit the orc priest.
The orc priest is poisoned.
The orc priest is moderately wounded.
The orc priest completely misses you. Grum completely misses you.
You hit the orc priest.
The orc priest looks as sick as possible!
The orc priest is severely wounded.
The orc priest miscasts a cantrip.
Grum misses you.
You bite the orc priest!
You feel a bit better.
You kill the orc priest!
Sif Muna accepts your kill. Grum hits you with a -2 spear!
The wolf completely misses you. Grum hits you with a -2 spear!!
Ouch! That really hurt!
You die...

# #..# .#...#
#....# #....# #
##....##..
.........#
#.h......#
##sg......# ##
###.##......##
#.###..## ...>..#
#.#..## .....##
####...##
##.....#
#......##
##......#
#....#..##
#...#....#
#.<.###..####..##
.## ##..#
##..##...##..#


You could see Grum and a wolf.

Vanquished Creatures
  2 steam dragons (D:7)
  Menkaure (D:4)
  Duvessa (D:7)
  3 water moccasins
  An ice beast (D:5)
  A black bear (D:4)
  3 orc warriors
  A wolf (D:8)
  2 phantoms
  2 gnoll sergeants
  4 bullfrogs
  Dowan (D:6)
  3 howler monkeys
  3 jellies
  3 orc priests
  A gnoll bouda (D:5)
  3 hounds
  2 iguanas
  2 orc wizards
  Robin (D:4)
  12 gnolls
  8 adders
  A shadow imp (D:6)
  A white imp (D:6)
  An ufetubus (D:4)
  4 dart slugs
  26 orcs
  17 bats
  9 endoplasms
  3 giant cockroaches
  13 hobgoblins
  12 jackals
  A quokka (D:2)
  3 ball pythons
  6 frilled lizards
  20 goblins
  11 kobolds
  6 rats
194 creatures vanquished.

Vanquished Creatures (collateral kills)
  A water moccasin (D:7)
  A kobold brigand (D:7)
  A howler monkey (D:7)
  A gnoll bouda (D:5)
  A hound (D:7)
  An orc wizard (D:7)
  5 gnolls (D:5)
  3 orcs (D:7)
14 creatures vanquished.

Vanquished Creatures (others)
  Sigmund (D:5)
  A wyvern (D:7)
  An orc warrior (D:7)
  An ogre (D:5)
  8 plants (D:5)
12 creatures vanquished.

Grand Total: 220 creatures vanquished

Notes
Turn   | Place    | Note
-------+----------+-------------------------------------------
     0 | D:1      | concernfroge the Felid Transmuter began the quest for the
                  | Orb.
     0 | D:1      | Reached XP level 1. HP: 9/9 MP: 4/4
   355 | D:1      | Found a faded altar of an unknown god.
   370 | D:1      | Reached XP level 2. HP: 11/12 MP: 6/6
   376 | D:1      | Learned a level 2 spell: Wereblood
   379 | D:1      | Reached skill level 1 in Stealth
   928 | D:1      | Reached skill level 3 in Dodging
  1114 | D:1      | Reached XP level 3. HP: 13/15 MP: 5/7
  1118 | D:1      | Learned a level 3 spell: Spider Form
  1663 | D:2      | Reached XP level 4. HP: 16/19 MP: 4/8
  1956 | D:2      | Found Bus Tuudd's Distillery.
  2698 | D:2      | Bought a potion of curing for 42 gold pieces
  2739 | D:3      | Found a radiant altar of Vehumet.
  3189 | D:3      | Reached XP level 5. HP: 22/22 MP: 7/10
  3453 | D:3      | Found Qawk's Assorted Antiques.
  3462 | D:3      | Bought a scroll labelled FACAAT XORE for 19 gold pieces
  3537 | D:4      | Noticed Robin
  3554 | D:4      | Reached skill level 4 in Dodging
  3554 | D:4      | Gained mutation: You are covered in thick fur. (AC +2)
                  | [Felid growth]
  3554 | D:4      | Reached XP level 6. HP: 12/27 MP: 8/11
  3579 | D:4      | Killed Robin
  3586 | D:4      | Found Rinum's Book Boutique.
  3595 | D:4      | Found a burning altar of Makhleb.
  3595 | D:4      | Noticed a cacodemon
  4077 | D:4      | Learned a level 4 spell: Ice Form
  4087 | D:4      | Killed from afar by an orc priest
  4088 | D:4      | Reached XP level 5. HP: 0/36 MP: 10/11
  4148 | D:4      | Reached XP level 6. HP: 28/28 MP: 9/12
  4178 | D:4      | Noticed Menkaure
  4180 | D:4      | Killed Menkaure
  4553 | D:4      | Found a blossoming altar of Fedhas.
  4613 | D:2      | Bought a potion of curing for 42 gold pieces
  4662 | D:5      | Entered Level 5 of the Dungeon
  4662 | D:5      | Noticed a water moccasin
  4662 | D:5      | Noticed Sigmund
  4758 | D:4      | Killed a water moccasin
  4759 | D:4      | Reached skill level 5 in Dodging
  4759 | D:4      | Reached XP level 7. HP: 15/31 MP: 8/13
  5073 | D:3      | Bought a scroll labelled MAOPHI OKOSK for 19 gold pieces
  5259 | D:5      | Reached skill level 5 in Stealth
  5292 | D:5      | Your ally Sigmund died
  5726 | D:5      | Reached skill level 5 in Unarmed Combat
  5726 | D:5      | Reached skill level 5 in Transmutations
  5729 | D:5      | Gained mutation: You occasionally lose the ability to drink
                  | potions when taking damage. [mutagenic glow]
  5734 | D:5      | Reached XP level 8. HP: 36/36 MP: 6/15
  5736 | D:5      | Found a white marble altar of Elyvilon.
  6181 | D:5      | Found a snail-covered altar of Cheibriados.
  6195 | D:5      | Found a staircase to the Ecumenical Temple.
  6388 | Temple   | Entered the Ecumenical Temple
  6645 | Temple   | Became a worshipper of Sif Muna the Loreminder
  6711 | D:6      | Noticed Duvessa
  6760 | D:5      | Reached skill level 5 in Fighting
  6760 | D:5      | Reached skill level 5 in Spellcasting
  6943 | D:6      | Noticed Dowan
  6953 | D:6      | Killed Dowan
  6954 | D:6      | Reached skill level 1 in Ice Magic
  7082 | D:6      | Lost mutation: You occasionally lose the ability to drink
                  | potions when taking damage. [potion of mutation]
  7082 | D:6      | Gained mutation: Your muscles are strong. (Str +4, Int/Dex
                  | -1) [potion of mutation]
  7082 | D:6      | Gained mutation: You have hidden genetic defects. [potion
                  | of mutation]
  7082 | D:6      | Gained mutation: Your natural rate of healing is unusually
                  | fast. [potion of mutation]
  7171 | D:6      | Reached skill level 6 in Dodging
  7294 | D:6      | Found a shimmering altar of Xom.
  7478 | D:6      | Found a shadowy altar of Dithmenos.
  7912 | D:7      | Slain by an orc warrior
  7913 | D:7      | Reached XP level 7. HP: -2/33 MP: 15/15
  7915 | D:7      | Found an iron altar of Okawaru.
  7943 | D:7      | Killed Duvessa
  7944 | D:7      | Reached XP level 8. HP: 17/37 MP: 8/16
  7946 | D:7      | Gained mutation: You are frail. (-10% HP) [hidden defects]
  7960 | D:7      | Reached * piety under Sif Muna
  7989 | D:7      | Reached skill level 7 in Dodging
  7999 | D:7      | Gained mutation: You sometimes lose your temper in combat.
                  | [hidden defects]
  7999 | D:7      | Lost mutation: You have hidden genetic defects. [hidden
                  | defects expressed]
  8522 | D:8      | Noticed Grum
  8530 | D:8      | Reached skill level 8 in Dodging
  8530 | D:8      | Reached XP level 9. HP: 36/36 MP: 12/17
  8542 | D:8      | Mangled by Grum

Illustrated notes

Levels and vault maps discovered:
D:1:      minmay_arrival_plants_in_alcoves, layout_rooms,
          shapermc_ecumenical_altar_starsandcircs, minmay_tromino_v7
D:2:      layout_loops_cross, serial_shops, nicolae_shop_waterfront,
          hangedman_feature_mirror, st_stairs_5
D:3:      layout_rooms, nicolae_vehumet_altar_sigil, serial_shops,
          nicolae_lakefront_shop, chequers_mini_garden
D:4:      layout_gridville, lemuel_tele_altar, makhleb_altar_promises_db,
          serial_shops, nicolae_shop_trees, uniq_menkaure, uniq_robin
D:5:      layout_gridville, general_overflow_altar, elyvilon_altar_5,
          minmay_temple_entry_glassed_door, st_stairs_6, nicolae_grassy_gnolls,
          uniq_sigmund
D:6:      nicolae_cairo_tiling, layout_cave_pods,
          nicolae_dithmenos_through_a_glass_darkly, lemuel_doored_altar,
          uniq_duvessa
D:7:      layout_rooms, lemuel_crystal_altar, roderic_batcave
D:8:      layout_layer_cave, serial_shops, nicolae_take_the_stairs,
          grunt_decor_fettered, uniq_maggie, uniq_grum
Temple:   compressed_dpeg_triangle_lava_temple

Skill      XL: |  1  2  3  4  5  6  7  8 |
---------------+-------------------------+-----
Stealth        | 1 2 3 4 5 |  5.0
Dodging        | 3 4 5 8 |  8.2
Fighting       | 2 3 4 5 |  5.0
Transmutations | 3 4 6 7 |  7.4
Spellcasting   | 3 4 5 |  5.0
Unarmed Combat | 4 5 |  5.0
Ice Magic      | 2 4 |  4.3

Action                   |  1- 3 |  4- 6 |  7- 9 || total
-------------------------+-------+-------+-------++-------
Melee: Unarmed           |   111 |   165 |   197 ||   473
       Bite              |     9 |    14 |     8 ||    31
       Headbutt          |    13 |    16 |    14 ||    43
       Punch             |     2 |     3 |     1 ||     6
 Cast: Beastly Appendage |    19 |    30 |    14 ||    63
       Wereblood         |     7 |    16 |    14 ||    37
       Spider Form       |       |     2 |    13 ||    15
       Ice Form          |       |     1 |       ||     1
Evoke: Wand              |       |       |     9 ||     9
  Use: Potion            |     2 |     6 |     4 ||    12
       Scroll            |       |     4 |     4 ||     8
 Stab: Sleeping          |     1 |     3 |     4 ||     8
       Distracted        |       |       |     2 ||     2
Armor: Skin              |     9 |    11 |     8 ||    28
Dodge: Dodged            |    85 |   148 |   205 ||   438
